 Dungeon Crawl Stone Soup version 0.31-a0-1-g4198be8af4 (webtiles) character file.

Game seed: 15813384277874031584

219 NotreDorf the Grave Robber (level 5, -8/40 HPs)
             Began as a Mummy Necromancer on May 1, 2023.
             Mangled by Menkaure (19 damage)
             ... on level 4 of the Dungeon.
             The game lasted 00:09:20 (2441 turns).

NotreDorf the Grave Robber (Mummy Necromancer)      Turns: 2441, Time: 00:09:20

Health: -8/40      AC:  2    Str: 11    XL:     5   Next: 63%
Magic:  12/12      EV: 17    Int: 17    God:
Gold:   195        SH:  0    Dex: 12    Spells: 5/13 levels left

rFire   x . .        g - +0 dagger (venom)
rCold   + . .        (no shield)
rNeg    + + +        a - +0 robe
rPois   ∞            (no helmet)
rElec   .            (no cloak)
rCorr   .            (no gloves)
SInv    +            (no boots)
Will    .....        (no amulet)
Stlth   ++           h - ring of see invisible
HPRegen 0.26/turn    j - +5 ring of evasion
MPRegen 0.13/turn

%: faith
@: no status effects
A: cold resistance 1, negative energy resistance 3, torment resistance 2, heat
vulnerability 1, in touch with death 1, no potions, faith
a: no special abilities


You were on level 4 of the Dungeon.
You visited 1 branch of the dungeon, and saw 4 of its levels.

You collected 195 gold pieces.

Inventory:

Hand Weapons
 c - a +0 mace
 g - a +0 dagger of venom (weapon)
Armour
 a - a +0 robe (worn)
Jewellery
 h - a ring of see invisible (left hand)
 j - a +5 ring of evasion (right hand)
Scrolls
 b - a scroll of acquirement {unknown}
 d - 4 scrolls of noise {unknown}
 e - a scroll of amnesia {unknown}
 f - 4 scrolls of identify {unknown}
 i - a scroll of fog {unknown}
 k - a scroll of enchant weapon {unknown}


   Skills:
 + Level 2.9 Fighting
 - Level 1.5 Dodging
 - Level 1.5 Stealth
 + Level 4.7 Spellcasting
 + Level 5.1 Necromancy


You had 5 spell levels left.
You knew the following spells:

 Your Spells              Type           Power      Damage    Failure   Level
a - Necrotise             Necr           100%       1d9       1%          1
b - Vampiric Draining     Necr           32%        2d8       5%          3
c - Animate Dead          Necr           32%        N/A       17%         4

Your spell library contained the following spells:

 Spells                   Type           Power      Damage    Failure   Level
 Agony                    Necr           32%        N/A       43%         5


Dungeon Overview and Level Annotations

Branches:
Dungeon (4/15)
 Temple: D:4-7

Altars:
Vehumet

Annotations:
D:4 Menkaure


Innate Abilities, Weirdness & Mutations

You are immune to poison.
Your flesh is cold resistant. (rC+)
You are immune to negative energy. (rN+++)
You are immune to unholy pain and torment.
You are vulnerable to heat. (rF-)
You are in touch with the powers of death.
You do not drink.
You have a special connection with the divine. (Faith)


Message History

You feel a surge of power! That beam is likely to hit you.
Continue anyway?
Okay, then.
Aiming: Necrotise (safe; 1% risk of failure)
Press: ? - help, Q - select action, (/) - cycle Shift-Dir - straight line, f - kobold
Aim: a kobold, wielding a +0 short sword (chance to affect: 93%)
You feel a surge of power!
The kobold writhes in agony!
You kill the kobold!
The dead are walking!
You swap places.
You see here a +2 dagger of holy wrath.
You now have 195 gold pieces (gained 18).
You open the door.
Found an escape hatch in the floor.
Menkaure, Prince of Dust comes into view.
There is an open door here.
Menkaure shouts!
Menkaure casts a spell.
Menkaure seems to speed up.
You hit Menkaure.
Menkaure is lightly damaged.
Menkaure closely misses you. Menkaure hits you!
You hit Menkaure.
Menkaure is lightly damaged.
Your goblin skeleton hits Menkaure but does no damage.
Menkaure misses you.
You hit Menkaure.
Menkaure is lightly damaged.
Menkaure misses you.
Your goblin skeleton barely misses Menkaure.
You hit Menkaure but do no damage.
Menkaure is lightly damaged.
Menkaure hits you!
* * * LOW HITPOINT WARNING * * *
Your kobold skeleton hits Menkaure but does no damage.
Your goblin skeleton hits Menkaure but does no damage.
You hit Menkaure but do no damage.
Menkaure is lightly damaged.
Menkaure hits you!!
You die...

.........# #...
........# . #...
.......# .. #... #
#..##..# #. ###.
#.####..##..#####.####.
#........#......#....#.
#.......>#......#....#.
#........'......+....#.
#.....@Z.#......#....'.
#.....MZ.#......#>...#.
..........#......#....#.
#..###...##.##.)##...###
#. #...##.##..##...# .
......).........#
.................#
.................#
.##..##..##...#


You could see Menkaure (fast, ally target), a friendly goblin skeleton and a
friendly kobold skeleton.

Vanquished Creatures
  Pargi (D:4)
  A hound skeleton (D:3)
  A gnoll (D:1)
  2 adders
  An adder zombie (D:3)
  A dart slug (D:1)
  3 endoplasms
  3 giant cockroaches
  5 goblins
  8 hobgoblins
  4 kobolds
  2 quokkas
  3 ball pythons
  6 bats
  4 frilled lizards
  A quokka zombie (D:3)
  4 rats
50 creatures vanquished.

Vanquished Creatures (collateral kills)
  A scorpion zombie (D:3)
  A hobgoblin (D:1)
  A rat (D:1)
3 creatures vanquished.

Vanquished Creatures (others)
  A withered plant (D:3)
1 creature vanquished.

Grand Total: 54 creatures vanquished

Notes
Turn   | Place    | Note
-------+----------+-------------------------------------------
     0 | D:1      | NotreDorf the Mummy Necromancer began the quest for the
                  | Orb.
     0 | D:1      | Reached XP level 1. HP: 13/13 MP: 4/4
   170 | D:1      | Reached XP level 2. HP: 20/20 MP: 6/6
   250 | D:1      | Reached skill level 1 in Fighting
   543 | D:1      | Gained mutation: You are in touch with the powers of death.
                  | [Mummy growth]
   543 | D:1      | Reached XP level 3. HP: 22/26 MP: 0/7
   865 | D:1      | Found a radiant altar of Vehumet.
   895 | D:2      | Learned a level 3 spell: Vampiric Draining
  1822 | D:3      | Found a radiant altar of Vehumet.
  1902 | D:3      | Reached XP level 4. HP: 33/33 MP: 9/9
  2196 | D:3      | Learned a level 4 spell: Animate Dead
  2223 | D:4      | Noticed Pargi
  2234 | D:4      | Killed Pargi
  2235 | D:4      | Reached skill level 5 in Necromancy
  2235 | D:4      | Reached XP level 5. HP: 26/40 MP: 2/11
  2433 | D:4      | Noticed Menkaure
  2441 | D:4      | Mangled by Menkaure

Illustrated notes

Levels and vault maps discovered:
D:1:      dpeg_arrival_water_altar, layout_basic, minmay_misc_feat_room
D:2:      layout_loops_ring
D:3:      layout_rooms, mainiacjoe_overflow_paths, serial_undead,
          serial_undead_e, serial_undead_e, serial_undead_c, serial_undead_e
D:4:      layout_gridville, mainiacjoe_overflow_alcove_2,
          gammafunk_temple_overflow_forgotten, corner_web_ring,
          nicolae_specific_store, kennysheep_generic_room_14, uniq_menkaure,
          uniq_crazy_yiuf_cottage, uniq_pargi

Skill      XL: |  1  2  3  4 |
---------------+-------------+-----
Spellcasting   | 3 4 |  4.7
Fighting       | 1 2 |  2.9
Necromancy     | 5 |  5.1
Dodging        | |  1.5
Stealth        | |  1.5

Action                     |  1- 3 |  4- 6 || total
---------------------------+-------+-------++-------
  Melee: Unarmed           |    19 |       ||    19
         Mace              |     2 |       ||     2
         Dagger            |    27 |    51 ||    78
         Punch             |     1 |     1 ||     2
   Cast: Necrotise         |    59 |    17 ||    76
         Vampiric Draining |       |     2 ||     2
   Stab: Distracted        |     1 |     1 ||     2
 Armour: Robe              |     8 |     2 ||    10
  Dodge: Dodged            |    39 |    48 ||    87

Table legend: (Time is in decaauts)
 A = Elapsed time spent in this place.
 B = Non-inter-level travel time spent in this place.
 C = Inter-level travel time spent in this place.
 D = Time resting spent in this place.
 E = Time spent auto-exploring this place.
 F = Levels seen in this place.
 G = Mean time per level.
                   A        B        C        D        E       F      G
               +--------+--------+--------+--------+--------+-----+--------+
         Total |   2443 |   2367 |     76 |    133 |   1696 |   4 |  610.8 |
       Dungeon |   2443 |   2367 |     76 |    133 |   1696 |   4 |  610.8 |
               +--------+--------+--------+--------+--------+-----+--------+

Top non-repeatable levels by time:
     D:1: 893 daAuts
     D:2: 779 daAuts
     D:3: 552 daAuts
     D:4: 217 daAuts
